 Dungeon Crawl Stone Soup version 0.27-b1-42-g19c61b19a5 (webtiles) character file.

Game seed: 1098645306398327205

296 ZARRMARR the Shield-Bearer (level 6, 0/53 HPs)
             Began as a Minotaur Fighter on July 30, 2021.
             Was an Initiate of Okawaru.
             Slain by a gnoll (2 damage)
             ... on level 4 of the Dungeon.
             The game lasted 00:20:03 (3202 turns).

ZARRMARR the Shield-Bearer (Minotaur Fighter)       Turns: 3202, Time: 00:20:05

Health: 0/53       AC:  7    Str: 22    XL:     6   Next: 12%
Magic:  5/5        EV:  8    Int:  5    God:    Okawaru [......]
Gold:   192        SH: 10    Dex: 10    Spells: 5/5 levels left

rFire    . . .     SeeInvis .   a - +0 flail
rCold    . . .     Faith    .   c - +0 kite shield
rNeg     . . .     Spirit   .   b - +0 scale mail
rPois    .         Reflect  .   (helmet restricted)
rElec    .         Harm     .   q - scarf {repulsion}
rCorr    .         Rampage  .   (no gloves)
Will     .....                  (no boots)
Stlth    ..........             (no amulet)
HPRegen  0.17/turn              (no ring)
MPRegen  0.09/turn              (no ring)

@: repel missiles
A: horns 2, retaliatory headbutt
a: Renounce Religion


You were on level 4 of the Dungeon.
You worshipped Okawaru.
Okawaru was noncommittal.
You visited 1 branch of the dungeon, and saw 4 of its levels.

You collected 192 gold pieces.

Inventory:

Hand Weapons
 a - a +0 flail (weapon)
Missiles
 e - 89 stones
 u - 6 poisoned darts (quivered)
Armour
 b - a +0 scale mail (worn)
 c - a +0 kite shield (worn)
 q - a scarf of repulsion (worn)
Wands
 n - a wand of iceblast (3)
Scrolls
 i - a scroll of teleportation
 j - a scroll of torment {unknown}
 k - a scroll of noise {unknown}
 l - a scroll of fog {unknown}
 p - a scroll of summoning {unknown}
 t - a scroll of identify
Potions
 d - 2 potions of might
 f - 2 potions of heal wounds {unknown}
 g - a potion of mutation {unknown}
 h - 3 potions of attraction {unknown}
 m - a potion of lignification {unknown}
 o - a potion of curing
 r - a potion of brilliance {unknown}
 s - a potion of degeneration {unknown}


   Skills:
 + Level 4.5 Fighting
 + Level 4.1 Maces & Flails
 * Level 3.1 Throwing
 + Level 4.5 Armour
 + Level 1.1 Dodging
 + Level 4.6 Shields


You had 5 spell levels left.
You didn't know any spells.
Your spell library contained the following spells:

 Spells                   Type           Power      Damage    Failure   Level
 Shock                    Conj/Air       0%         1d3       99%         1
 Summon Small Mammal      Summ           0%         N/A       99%         1
 Call Canine Familiar     Summ           0%         N/A       100%        3
 Ozocubu's Armour         Ice            0%         N/A       100%        3
 Summon Guardian Golem    Hex/Summ       0%         N/A       100%        3
 Swiftness                Air            0%         N/A       100%        3
 Airstrike                Air            0%         N/A       100%        4
 Ozocubu's Refrigeration  Ice            0%         4d5       100%        7


Dungeon Overview and Level Annotations

Branches:
Dungeon (4/15)
 Temple: D:4-7

Altars:
Okawaru

Shops:
D:1 :   D:3 *


Innate Abilities, Weirdness & Mutations

You have a pair of horns on your head.
You reflexively headbutt those who attack you in melee.


Message History

You hit Robin.
Robin is moderately wounded.
You block the goblin's attack.
The gnoll hits you from afar with a +0 halberd.
The goblin hits you but does no damage. Robin throws the goblin at you!
The goblin hits you with a +0 dagger. The goblin closely misses you.
The gnoll hits you from afar with a +0 halberd!
You sock Robin!
Robin is almost dead.
You block the goblin's attack. The goblin hits you but does no damage.
Robin roars a battlecry!
The goblins go into a battle-frenzy!
You block the goblin's attack.
An orc comes into view.
It is wielding a +0 hand axe of flaming.
The gnoll closely misses you.
The goblin hits you with a +0 dagger. x2
Robin completely misses you.
You hear a shout!
The orc shouts!
You barely miss Robin.
Robin is almost dead.
You block the goblin's attack. The gnoll barely misses you.
The goblin hits you but does no damage. x2; The goblin barely misses you.
You barely miss Robin.
Robin is almost dead.
The gnoll hits you from afar with a +0 halberd.
* * * LOW HITPOINT WARNING * * *
You block the goblin's attack. The goblin hits you with a +0 dagger.
* * * LOW HITPOINT WARNING * * *
The goblin hits you but does no damage.
The gnoll hits you from afar with a +0 halberd!
* * * LOW HITPOINT WARNING * * *
You block the hobgoblin's attack.
A goblin comes into view. It is wielding a +0 dagger.
You thump Robin!
You kill Robin!
Okawaru accepts your kill. You block the goblin's attack.
The goblin hits you with a +0 dagger.
* * * LOW HITPOINT WARNING * * *
The goblin barely misses you. You block the gnoll's attack.
The hobgoblin barely misses you. The gnoll hits you with a +0 hand axe.
You die...

#.#.#.#......#.....
#...#..............#).
#######.##.....#.###.#.#
...[.............# ....#
#..####.########## :..o#
####.......#.. .g..# .
#....†####.#g# ....#.#
..#......# # #g###o..((.#
#.#......# #.#g@ggg#
#.#......# #.#gg#####...
##.#......# #..g.........
.........## ###..####....#
.........######..........#
....).............#.#.##.#...
...).....######.......#......
.........#.......##.#....#.#.
.........#........#.#.#.#...


You could see 2 gnolls, an orc, 4 hobgoblins and 3 goblins.

Vanquished Creatures
  A water moccasin skeleton (D:4)
  A gnoll shaman (D:4)
  Jessica (D:2)
  Ijyb (D:3)
  Robin (D:4)
  4 gnolls
  3 adders
  2 worms (D:2)
  2 dart slugs
  4 orcs
  8 endoplasms
  2 giant cockroaches (D:4)
  10 goblins
  4 hobgoblins
  11 jackals
  4 quokkas
  3 ball pythons
  7 bats
  4 frilled lizards
  7 kobolds
  7 rats
87 creatures vanquished.

Notes
Turn   | Place    | Note
-------+----------+-------------------------------------------
     0 | D:1      | ZARRMARR the Minotaur Fighter began the quest for the Orb.
     0 | D:1      | Reached XP level 1. HP: 19/19 MP: 0/0
   170 | D:1      | Reached XP level 2. HP: 26/27 MP: 1/1
   199 | D:1      | Found Ginaes's Book Boutique.
   510 | D:1      | Reached XP level 3. HP: 30/33 MP: 2/2
   801 | D:2      | Noticed Jessica
   808 | D:2      | Killed Jessica
   809 | D:2      | Reached skill level 1 in Throwing
   809 | D:2      | Reached skill level 1 in Dodging
   817 | D:2      | Reached XP level 4. HP: 32/40 MP: 3/3
   972 | D:2      | Found a faded altar of an unknown god.
  1292 | D:2      | Found an iron altar of Okawaru.
  1301 | D:2      | Became a worshipper of Warmaster Okawaru
  1755 | D:3      | Found Rositrib's General Store.
  1839 | D:3      | Noticed Ijyb
  1854 | D:3      | Killed Ijyb
  1855 | D:3      | Reached XP level 5. HP: 46/46 MP: 4/4
  3184 | D:4      | Reached XP level 6. HP: 50/53 MP: 5/5
  3188 | D:4      | Noticed Robin
  3195 | D:4      | Noticed an orc warrior
  3201 | D:4      | HP: 2/53 [gnoll (10)]
  3202 | D:4      | Killed Robin
  3202 | D:4      | Slain by a gnoll

Illustrated notes

Levels and vault maps discovered:
D:1:      minmay_arrival_diagonal_passages, layout_rooms, serial_shops,
          nicolae_lakefront_shop, minmay_octomino_e4
D:2:      layout_basic, basic_altar, ebering_ecumenical_altar_rust, uniq_jessica
D:3:      layout_loops_cross, serial_shops, shop_fountains, uniq_ijyb
D:4:      layout_basic, portal_sewer_entry_e, uniq_robin

Skill      XL: |  1  2  3  4  5 |
---------------+----------------+-----
Shields        | 4 |  4.6
Fighting       | 4 |  4.5
Maces & Flails | 3 4 |  4.1
Throwing       | 1 2 3 |  3.1
Armour         | 4 |  4.5
Dodging        | 1 |  1.1

Action                   |  1- 3 |  4- 6 || total
-------------------------+-------+-------++-------
Melee: Flail             |    83 |   137 ||   220
       Headbutt          |     9 |    23 ||    32
Throw: Stone             |    41 |    97 ||   138
       Dart              |       |     2 ||     2
  Use: Scroll            |     1 |     1 ||     2
Armor: Scale mail        |    43 |    41 ||    84
Dodge: Dodged            |    28 |    49 ||    77
Block: Kite shield       |    39 |    81 ||   120
